 Dungeon Crawl Stone Soup version 0.18.1-48-g4cf74bf (webtiles) character file.

2150 Neosonic97 the Fighter (level 9, -1/126 HPs)
             Began as a Red Draconian Transmuter on Sept 8, 2016.
             Was a Follower of Yredelemnul.
             Slain by a killer bee (5 damage)
             ... on level 7 of the Dungeon.
             The game lasted 00:19:55 (6601 turns).

Neosonic97 the Fighter (Red Draconian Transmuter)   Turns: 6601, Time: 00:19:56

Health: -1/126     AC: 24    Str: 15    XL:     9   Next: 10%
Magic:  10/12      EV:  2    Int: 14    God:    Yredelemnul [*.....]
Gold:   354        SH:  0    Dex: 12    Spells: 2 memorised, 8 levels left

rFire  + . .     SeeInvis .       - Unarmed
rCold  . . .     Gourm    .     (armour unavailable)
rNeg   + + +     Faith    .     (no shield)
rPois  +         Spirit   .     (helmet currently unavailable)
rElec  .         Dismiss  .     (cloak currently unavailable)
rCorr  .         Reflect  .     (gloves currently unavailable)
SustAt .         Harm     .     (boots currently unavailable)
MR     +....     NoTele   +     (no amulet)
Stlth  +.........               d - ring of protection from magic
                                l - ring of protection from fire

@: tree-form, somewhat resistant to hostile enchantments, very unstealthy
A: (breathe fire), unfitting armour, (fire resistance 0), (cold-blooded), AC +7
a: Animate Remains, Renounce Religion


You were on level 7 of the Dungeon.
You worshipped Yredelemnul.
Yredelemnul was aware of your devotion.
You were not hungry.
You were a tree.
You visited 1 branch of the dungeon, and saw 7 of its levels.
You also visited: Ossuary.

You collected 354 gold pieces.

Inventory:

Missiles
 a - 112 arrows
Armour
 f - a +2 pair of boots (melded)
Jewellery
 d - a ring of protection from magic (right branch)
 l - a ring of protection from fire (left branch)
Scrolls
 j - 6 scrolls of remove curse
 o - a scroll of recharging
 p - 2 scrolls of teleportation
 r - a scroll of identify
 v - a scroll of amnesia
Potions
 e - 2 potions of brilliance
 g - a potion of cancellation
 h - a potion of heal wounds {unknown}
 i - 2 potions of invisibility
 k - a potion of agility
 n - a potion of magic
 t - 2 potions of curing
Books
 b - a book of Changes

   Spells                             Type                      Level
   a - Beastly Appendage              Transmutation                1
   b - Sticks to Snakes               Transmutation                2
   c - Spider Form                    Transmutation/Poison         3
   d - Ice Form                       Ice/Transmutation            4
   e - Blade Hands                    Transmutation                5
Comestibles
 c - 7 bread rations
 m - 7 meat rations


   Skills:
 * Level 9.6 Fighting
 * Level 9.6 Dodging
 - Level 3.0 Unarmed Combat
 - Level 2.0 Spellcasting
 * Level 6.8 Transmutations


You had 8 spell levels left.
You knew the following spells:

 Your Spells              Type           Power        Failure   Level  Hunger
a - Beastly Appendage     Trmt           ###...       1%          1    ##.....
b - Spider Form           Trmt/Pois      ##........   21%         3    ####...


Dungeon Overview and Level Annotations

Branches:
Dungeon (7/15)             Temple (0/1) D:5

Altars:
Cheibriados
Dithmenos
Qazlal
Yredelemnul

Shops:
D:6 :


Innate Abilities, Weirdness & Mutations

((You can breathe blasts of fire.))
((Your fiery red scales are hard (AC +7).))
Your body does not fit into most forms of armour.
((Your flesh is heat resistant.))
((You are cold-blooded and may be slowed by cold attacks.))


Message History

The killer bee barely misses you.
The killer bee stings you but does no damage. x3
You barely miss the killer bee.
The killer bee is heavily wounded.
The killer bee stings you.
* * * LOW HITPOINT WARNING * * *
The killer bee stings you but does no damage. x3
The killer bee stings you.
* * * LOW HITPOINT WARNING * * *
The killer bee barely misses you.
The killer bee stings you but does no damage. x2
You hit the killer bee but do no damage.
The killer bee is heavily wounded.
The killer bee stings you but does no damage. x6
The killer bee completely misses you. The killer bee barely misses you.
You closely miss the killer bee.
The killer bee is heavily wounded.
The killer bee stings you.
You die...
Your body rises from the dead as a mindless zombie.

..###########.#..#
.(.....# #.#.##
.......# ###...#
.......#
#.....#########
.......#
#.###.##.../..##
.......# #.
#.#........#
.......###..#
#...........
...........#
#..y........
...<...##..#
#.♣y........
......##
#.yy........
###...#
#.....$.....
.##...#
#..........#
..##...#
##.........#
>......#
...........
........
##..........
.........
...........
##.....
............


You could see 4 killer bees.

Vanquished Creatures
  The ghost of Nukog the Cudgeler, a novice OgHu of Okawaru (D:4)
  3 ogres
  2 elf zombies (Ossuary)
  A giant frog (D:6)
  A gnoll sergeant (D:6)
  3 scorpions
  A wyvern skeleton (D:6)
  A killer bee (D:7)
  3 crimson imps
  3 hounds
  2 orc priests (D:6)
  A human zombie (Ossuary)
  A centaur skeleton (D:7)
  A giant frog skeleton (D:5)
  2 orc wizards
  5 worker ants
  2 big kobold zombies (Ossuary)
  A hound zombie (Ossuary)
  2 hound skeletons
  A mummy (Ossuary)
  12 gnolls
  8 adders
  3 shadow imps
  2 adder zombies (Ossuary)
  An adder skeleton (D:5)
  A worm (D:2)
  A dart slug (D:1)
  A giant gecko (D:4)
  15 orcs
  4 bats
  5 giant cockroaches
  2 gnoll zombies (Ossuary)
  5 goblins
  4 hobgoblins
  8 jackals
  2 quokkas
  A ball python (D:4)
  A giant cockroach zombie (D:5)
  A giant gecko zombie (D:7)
  5 giant newts
  4 goblin zombies (Ossuary)
  A hobgoblin zombie (Ossuary)
  6 jackal zombies (Ossuary)
  5 kobolds
  3 kobold zombies (Ossuary)
  2 orc zombies (Ossuary)
  14 rats
  4 rat zombies (Ossuary)
158 creatures vanquished.

Vanquished Creatures (others)
  An adder zombie (D:7)
1 creature vanquished.

Grand Total: 159 creatures vanquished

Notes
Turn   | Place    | Note
--------------------------------------------------------------
     0 | D:1      | Neosonic97 the Draconian Transmuter began the quest for the Orb.
     0 | D:1      | Reached XP level 1. HP: 16/16 MP: 3/3
   136 | D:1      | Reached XP level 2. HP: 22/24 MP: 5/5
   910 | D:2      | Reached XP level 3. HP: 4/29 MP: 3/6
  1585 | D:2      | Reached XP level 4. HP: 9/37 MP: 5/7
  1604 | D:2      | HP: 1/37 [gnoll/spear (8)]
  2347 | D:3      | Found a basalt altar of Yredelemnul.
  2354 | D:3      | Became a worshipper of Yredelemnul the Dark
  2435 | D:3      | Reached XP level 5. HP: 25/42 MP: 8/8
  2456 | D:3      | Reached XP level 6. HP: 7/62 MP: 9/9
  2782 | D:3      | Learned a level 3 spell: Spider Form
  3330 | D:4      | Found a snail-covered altar of Cheibriados.
  3353 | D:4      | Your scales start taking on a fiery red colour.
  3353 | D:4      | Reached XP level 7. HP: 63/69 MP: 6/10
  3353 | D:4      | Gained mutation: Your flesh is heat resistant. [Red Draconian growth]
  3394 | D:4      | Noticed Nukog's ghost (novice OgHu)
  3429 | D:4      | Killed Nukog's ghost
  3803 | D:4      | Found a shadowy altar of Dithmenos.
  4051 | D:5      | Entered Level 5 of the Dungeon
  4189 | D:5      | Reached XP level 8. HP: 78/78 MP: 5/11
  4264 | D:5      | Found a sand-covered staircase.
  4285 | Ossuary  | Entered an ossuary
  4752 | D:5      | Found a staircase to the Ecumenical Temple.
  4811 | D:5      | Reached * piety under Yredelemnul
  4898 | D:5      | Found a stormy altar of Qazlal.
  5879 | D:6      | Found Keiqucem's Book Shoppe.
  6276 | D:7      | Reached XP level 9. HP: 57/84 MP: 8/12
  6593 | D:7      | HP: 2/126 [killer bee (5)]
  6599 | D:7      | HP: 6/126 [killer bee (5)]
  6601 | D:7      | Slain by a killer bee

Skill      XL: |  1  2  3  4  5  6  7  8 |
---------------+-------------------------+-----
Dodging        | 2 3 7 8 9 |  9.6
Fighting       | 2 8 9 |  9.6
Transmutations | 3 6 |  6.8
Unarmed Combat | |  3.0
Spellcasting   | |  2.0

Action                   |  1- 3 |  4- 6 |  7- 9 || total
-------------------------+-------+-------+-------++-------
Melee: Unarmed           |   117 |   139 |   499 ||   755
       Tailslap          |    11 |    20 |    17 ||    48
       Kick              |     1 |       |       ||     1
       Headbutt          |     9 |    12 |       ||    21
       Punch             |     2 |     2 |     1 ||     5
 Cast: Beastly Appendage |    24 |    15 |       ||    39
       Spider Form       |       |     7 |    43 ||    50
Invok: Animate Remains   |       |       |     1 ||     1
 Abil: Breathe Fire      |       |       |     4 ||     4
  Use: Scroll            |     6 |     1 |    13 ||    20
       Potion            |     1 |     6 |     6 ||    13
 Stab: Distracted        |       |     1 |       ||     1
       Sleeping          |       |       |     2 ||     2
  Eat: Chunk             |     3 |     7 |    12 ||    22
       Meat ration       |       |       |     2 ||     2
Armor: Skin              |    37 |    31 |    85 ||   153
Dodge: Dodged            |    71 |   108 |   587 ||   766
